Map: Winter's Gate LE

Players

Namshar

  • Race: Zerg Zerg
  • League: Master
  • Spawn Location: 5:00

SKillous - Winner!

  • Race: Protoss Protoss
  • League: Grandmaster
  • Spawn Location: 11:00

Event: NationWars 2019

VOD

Have the link to the VOD?

Description

Time

  • Played on: Oct. 13, 2019, 4:16 p.m.
  • Length: 19:17

All games in this series

Show
View Real Time Build Order
Export as new Build Order

Namshar Zerg 

Build Orders: Hatch First, Brood Lord Corruptor, Lurkers, Roach Hydra 

Get SALT Encoding   

  12  0:00  Drone  
  13  0:12  Overlord  
  13  0:16  Drone  
  14  0:30  Drone x2  
  16  0:45  Drone x2  
  18  0:55  Hatchery  
  17  0:57  Drone  
  17  1:00  Extractor  
  17  1:12  Spawning Pool  
  17  1:15  Drone  
  17  1:18  Drone  
  18  1:27  Drone  
  19  1:38  Overlord  
  19  1:59  Queen  
  19  2:00  Zergling x4  
  19  2:01  Metabolic Boost  
  23  2:06  Queen  
  23  2:07  Zergling x2  
  26  2:11  Drone  
  27  2:18  Drone  
  27  2:22  Drone  
  29  2:29  Drone  
  30  2:32  Drone  
  31  2:42  Hatchery  
  30  2:49  Queen  
  32  2:53  Zergling x2  
  32  2:58  Zergling x2  
  34  3:06  Drone x2  
  34  3:09  Spore Crawler  
  34  3:15  Drone x2  
  34  3:19  Overlord x2  
  37  3:38  Zergling x4  
  37  3:39  Drone x4  
  42  3:46  Drone  
  42  3:49  Queen  
  42  3:52  Overlord x2  
  42  3:53  Overlord  
  44  4:00  Drone x4  
  48  4:06  Drone  
  48  4:09  Overlord  
  49  4:14  Drone x3  
  52  4:18  Drone x2  
  52  4:20  Spore Crawler  
  52  4:21  Spore Crawler  
  52  4:23  Spore Crawler  
  51  4:25  Drone  
  51  4:26  Drone x2  
  54  4:33  Drone x4  
  58  4:38  Drone  
  58  4:39  Drone x3  
  61  4:47  Drone x3  
  64  4:53  Drone x3  
  64  4:58  Drone x4  
  71  5:00  Extractor  
  71  5:02  Extractor  
  71  5:03  Lair  
  71  5:07  Roach Warren  
  67  5:10  Zergling x6  
  67  5:12  Drone  
  67  5:13  Drone x3  
  73  5:16  Drone x3  
  74  5:23  Queen  
  74  5:24  Evolution Chamber  
  75  5:28  Overlord  
  75  5:29  Spore Crawler, Overlord  
  74  5:36  Extractor  
  74  5:37  Extractor x2  
  74  5:38  Drone x3  
  74  5:46  Overlord x3  
  74  5:49  Drone  
  73  5:58  Drone x2, Queen  
  73  5:59  Drone  
  76  6:05  Drone x2  
  78  6:12  Overlord  
  78  6:13  Roach x6  
  78  6:14  Roach x4  
  78  6:15  Zerg Missile Weapons Level 1  
  98  6:22  Glial Reconstitution  
  98  6:23  Overseer  
  98  6:25  Hydralisk Den  
  97  6:38  Overlord x2  
  97  6:40  Drone x2  
  99  6:47  Queen  
  99  6:49  Drone  
  99  6:51  Drone  
  103  6:57  Queen  
  103  6:59  Hatchery  
  103  7:01  Drone x2  
  103  7:05  Lurker Den, Grooved Spines  
  103  7:07  Overlord x2  
  104  7:15  Overseer  
  104  7:16  Pneumatized Carapace  
  104  7:18  Overlord x2  
  104  7:20  Hydralisk x6  
  104  7:21  Overseer  
  115  7:27  Overlord  
  115  7:30  Hydralisk x3  
  121  7:41  Hydralisk x5  
  131  7:54  Overlord  
  131  7:58  Drone x2  
  133  8:00  Drone  
  133  8:01  Drone x9  
  133  8:02  Infestation Pit  
  142  8:07  Drone x4  
  146  8:15  Queen  
  146  8:16  Muscular Augments  
  146  8:18  Hatchery, Extractor  
  146  8:22  Extractor  
  146  8:24  Zerg Missile Weapons Level 2  
  145  8:27  Spire  
  145  8:33  Drone x4  
  145  8:34  Hydralisk x5  
  154  8:42  Hive  
  154  8:47  Lurker x3  
  154  8:48  Lurker  
  158  8:52  Overlord  
  158  8:54  Hydralisk  
  166  8:55  Roach x3  
  166  8:56  Roach  
  159  9:16  Extractor, Hydralisk  
  159  9:17  Hydralisk x8  
  161  9:25  Hydralisk  
  161  9:26  Zergling x20  
  161  9:27  Hatchery  
  170  9:36  Roach x7  
  164  9:53  Lurker x2  
  164  9:56  Hatchery  
  165  10:05  Drone  
  165  10:06  Drone x2, Extractor, Hydralisk  
  166  10:07  Hydralisk x7  
  166  10:11  Zergling x2  
  169  10:31  Hydralisk  
  169  10:32  Hydralisk x6  
  183  10:38  Greater Spire  
  183  10:39  Extractor  
  182  10:45  Adaptive Talons  
  182  10:58  Zerg Missile Weapons Level 3  
  182  10:59  Zergling x2  
  182  11:00  Zergling x2, Overlord x3  
  182  11:01  Zergling x10  
  182  11:03  Overseer x2  
  180  11:34  Drone x6  
  183  11:41  Corruptor x2  
  183  11:42  Corruptor x5  
  197  11:54  Zerg Flyer Weapons Level 1  
  193  12:15  Hatchery  
  192  12:23  Brood Lord  
  192  12:24  Brood Lord x3  
  188  12:50  Corruptor x3  
  180  12:51  Brood Lord  
  180  12:54  Brood Lord x2  
  180  12:56  Hydralisk  
  180  12:57  Zergling x20  
  188  13:10  Hydralisk  
  188  13:11  Zergling x16  
  188  13:12  Hatchery  
  167  13:20  Hydralisk x10  
  186  13:30  Brood Lord  
  183  13:35  Brood Lord  
  180  13:48  Spine Crawler  
  179  13:56  Brood Lord  
  179  13:58  Zerg Melee Weapons Level 1  
  179  13:59  Pathogen Glands  
  177  14:06  Corruptor x3  
  177  14:07  Extractor  
  179  14:12  Extractor  
  177  14:23  Infestor x2  
  177  14:24  Infestor  
  179  14:25  Overlord  
  179  14:26  Drone  
  179  14:27  Drone x4  
  179  14:28  Drone  
  179  14:30  Spine Crawler  
  179  14:31  Overlord x2  
  188  14:37  Spine Crawler  
  187  14:49  Infestor  
  187  14:50  Zerg Flyer Weapons Level 2  
  187  14:51  Overseer  
  189  14:54  Corruptor x2  
  189  14:57  Lurker  
  194  15:10  Overseer  
  191  15:20  Corruptor x3  
  188  15:23  Drone  
  188  15:24  Drone x7  
  190  15:40  Spore Crawler  
  190  15:42  Spine Crawler, Drone x4  
  192  15:43  Spine Crawler  
  192  15:46  Infestor  
  192  15:48  Queen  
  195  15:51  Drone  
  195  15:52  Zerg Melee Weapons Level 2  
  195  15:55  Baneling Nest  
  195  15:57  Overseer x2  
  195  16:02  Drone x3  
  198  16:04  Drone x2  
  200  16:15  Hatchery  
  200  16:16  Overseer  
  193  16:47  Corruptor x2  
  190  16:55  Corruptor x5  
  190  16:58  Spire  
  199  17:06  Corruptor x3  
  195  17:15  Corruptor  
  195  17:16  Corruptor  
  183  17:26  Infestor x2  
  183  17:27  Corruptor x7  
  173  17:31  Corruptor  
  167  17:43  Corruptor x3  
  163  17:49  Hydralisk  
  165  17:53  Corruptor  
  165  17:54  Corruptor  
  154  18:02  Corruptor  
  132  18:10  Corruptor  
  132  18:11  Corruptor  
  108  18:23  Corruptor x2  
  101  18:39  Corruptor x2  
Show
View Real Time Build Order
Export as new Build Order

SKillous Protoss - Winner!

Build Orders: 1 Gate Expand, Oracle Opening, Carriers 

Get SALT Encoding   

  12  0:00  Probe  
  13  0:12  Probe  
  14  0:19  Pylon  
  14  0:24  Probe  
  15  0:38  Probe (Chrono Boost)  
  15  0:41  Gateway  
  16  0:46  Probe (Chrono Boost)  
  17  0:52  Probe  
  17  0:55  Assimilator  
  19  1:04  Probe  
  19  1:16  Probe  
  20  1:26  Nexus  
  20  1:36  Cybernetics Core  
  20  1:39  Probe  
  21  1:46  Assimilator  
  21  1:51  Probe  
  22  1:56  Pylon  
  22  2:03  Probe  
  23  2:12  Adept (Chrono Boost)  
  26  2:15  Probe  
  26  2:20  Stargate  
  26  2:27  Probe (Chrono Boost)  
  26  2:29  Warp Gate  
  27  2:34  Adept  
  29  2:39  Probe (Chrono Boost)  
  29  2:40  Probe (Chrono Boost)  
  31  2:47  Probe x2 (Chrono Boost)  
  33  2:52  Probe (Chrono Boost)  
  33  2:54  Probe  
  35  3:02  Void Ray (Chrono Boost)  
  35  3:04  Probe  
  40  3:10  Probe  
  40  3:16  Probe  
  39  3:23  Probe  
  39  3:25  Pylon  
  40  3:28  Probe  
  40  3:30  Gateway  
  41  3:36  Probe (Chrono Boost)  
  41  3:38  Oracle  
  45  3:41  Pylon  
  45  3:44  Adept  
  45  3:45  Probe (Chrono Boost)  
  46  3:54  Probe (Chrono Boost)  
  46  3:55  Probe (Chrono Boost)  
  48  4:00  Probe (Chrono Boost)  
  48  4:01  Probe, Assimilator  
  50  4:03  Assimilator  
  50  4:05  Pylon  
  50  4:12  Pylon  
  50  4:13  Probe x2  
  52  4:18  Pylon  
  52  4:23  Oracle (Chrono Boost)  
  55  4:24  Robotics Facility  
  55  4:25  Probe  
  55  4:26  Probe  
  57  4:31  Adept x2  
  57  4:37  Probe  
  57  4:38  Probe  
  63  4:40  Pylon  
  63  4:51  Oracle (Chrono Boost)  
  63  4:52  Probe  
  67  5:04  Pylon  
  67  5:12  Probe  
  66  5:15  Probe  
  66  5:17  Forge  
  66  5:19  Observer (Chrono Boost)  
  66  5:20  Twilight Council  
  67  5:22  Sentry  
  67  5:23  Sentry  
  67  5:24  Probe  
  67  5:25  Nexus  
  67  5:27  Probe, Shield Battery  
  73  5:31  Immortal (Chrono Boost)  
  77  5:36  Probe  
  77  5:40  Gateway  
  77  5:42  Gateway  
  78  5:46  Probe (Chrono Boost)  
  78  5:48  Protoss Ground Weapons Level 1 (Chrono Boost), Probe (Chrono Boost)  
  81  5:59  Probe (Chrono Boost)  
  81  6:03  Probe (Chrono Boost)  
  81  6:07  Probe  
  83  6:16  Probe (Chrono Boost)  
  83  6:18  Immortal (Chrono Boost)  
  85  6:19  Probe (Chrono Boost)  
  85  6:20  Blink  
  86  6:30  Pylon, Robotics Bay  
  86  6:35  Pylon, Probe (Chrono Boost), Assimilator  
  86  6:36  Assimilator  
  86  6:37  Probe  
  88  6:41  Probe  
  89  6:47  Stalker  
  89  6:48  Stalker  
  89  6:49  Probe x2  
  89  6:50  Pylon  
  95  6:56  Gateway x2  
  95  7:02  Probe  
  95  7:03  Probe x2  
  98  7:13  Gateway x2  
  98  7:14  Pylon  
  98  7:15  Colossus (Chrono Boost), Pylon  
  98  7:16  Pylon  
  104  7:23  Stalker x3  
  110  7:34  Stalker  
  112  7:37  Robotics Facility  
  112  7:39  Pylon  
  112  7:44  Forge  
  112  7:45  Pylon  
  112  7:47  Protoss Ground Weapons Level 2 (Chrono Boost)  
  112  7:56  Disruptor (Chrono Boost)  
  115  8:01  Stalker x4  
  115  8:03  Pylon, Nexus  
  123  8:13  Stalker x4  
  131  8:20  Disruptor (Chrono Boost)  
  137  8:30  Stalker x2  
  137  8:31  Disruptor (Chrono Boost)  
  137  8:32  Protoss Ground Armor Level 1 (Chrono Boost)  
  141  8:39  Stalker x3  
  141  8:40  Probe  
  141  8:41  Probe x2  
  150  8:53  Disruptor (Chrono Boost)  
  153  9:00  Disruptor (Chrono Boost)  
  156  9:12  Probe (Chrono Boost)  
  156  9:13  Charge  
  156  9:17  Probe (Chrono Boost)  
  159  9:20  Assimilator  
  159  9:22  Probe x2 (Chrono Boost)  
  159  9:23  Assimilator  
  160  9:24  Templar Archives  
  160  9:25  Pylon  
  160  9:26  Probe x2 (Chrono Boost)  
  160  9:27  Photon Cannon  
  160  9:29  Photon Cannon  
  159  9:42  Disruptor (Chrono Boost)  
  159  9:43  Disruptor (Chrono Boost)  
  153  9:51  Stalker  
  153  9:52  Stalker x3  
  155  9:53  Probe x2  
  157  10:00  Gravitic Drive  
  157  10:03  Pylon  
  157  10:10  Warp Prism (Chrono Boost)  
  157  10:11  Protoss Ground Weapons Level 3 (Chrono Boost)  
  159  10:17  Nexus  
  159  10:18  Pylon  
  159  10:32  Stalker x8  
  175  10:37  Protoss Ground Armor Level 2 (Chrono Boost)  
  175  10:39  Dark Shrine  
  175  10:45  Pylon  
  175  10:48  Probe (Chrono Boost)  
  176  10:51  Probe (Chrono Boost)  
  176  10:54  Pylon  
  176  10:55  Protoss Air Weapons Level 1 (Chrono Boost)  
  179  10:59  Probe x2 (Chrono Boost)  
  179  11:02  Probe (Chrono Boost)  
  179  11:03  Probe (Chrono Boost)  
  181  11:04  Zealot x6  
  181  11:05  Zealot x2  
  181  11:07  Probe (Chrono Boost)  
  181  11:08  Probe (Chrono Boost)  
  181  11:09  Fleet Beacon  
  199  11:14  Stargate x2  
  187  11:25  Zealot x2  
  187  11:26  Zealot x2  
  195  11:43  Cybernetics Core  
  193  11:50  Assimilator x2  
  193  11:51  Photon Cannon  
  193  11:54  Photon Cannon  
  193  11:56  Photon Cannon  
  193  11:57  Photon Cannon  
  193  11:58  Zealot x3  
  193  12:10  Photon Cannon  
  193  12:11  Photon Cannon  
  193  12:13  Photon Cannon  
  193  12:16  Photon Cannon  
  193  12:17  Psionic Storm, Photon Cannon  
  193  12:33  Protoss Air Armor Level 1 (Chrono Boost)  
  193  12:35  Zealot  
  193  12:36  Zealot x3  
  196  12:48  Zealot x4  
  196  12:49  Carrier (Chrono Boost)  
  192  12:57  Zealot x4  
  198  12:59  Protoss Air Weapons Level 2 (Chrono Boost)  
  198  13:12  Protoss Shields Level 1 (Chrono Boost)  
  192  13:22  Zealot x4  
  192  13:25  Protoss Ground Armor Level 3 (Chrono Boost)  
  197  13:47  Carrier x2 (Chrono Boost)  
  195  14:03  Gateway  
  195  14:04  Nexus, Gateway  
  195  14:05  Pylon  
  195  14:06  Carrier (Chrono Boost)  
  195  14:07  Stargate  
  195  14:08  Stargate  
  195  14:09  Gateway x2  
  185  14:10  Stargate  
  185  14:12  Pylon  
  181  14:20  High Templar  
  183  14:25  Observer (Chrono Boost)  
  183  14:26  Observer (Chrono Boost)  
  185  14:34  Carrier (Chrono Boost)  
  197  14:40  Protoss Air Armor Level 2 (Chrono Boost), Gateway, Pylon  
  197  14:42  Carrier (Chrono Boost)  
  195  14:52  Dark Templar x2  
  199  15:12  Protoss Air Weapons Level 3  
  195  15:29  Carrier (Chrono Boost)  
  193  15:40  Carrier (Chrono Boost)  
  200  15:50  Carrier (Chrono Boost)  
  200  15:51  Assimilator  
  200  15:53  Assimilator  
  200  16:13  Photon Cannon  
  200  16:15  Photon Cannon  
  200  16:17  Photon Cannon  
  200  16:19  Photon Cannon  
  200  16:32  Carrier  
  195  16:46  Zealot x8  
  196  17:00  Zealot x2  
  196  17:01  Zealot x2  
  170  17:11  Zealot  
  170  17:12  Zealot x7  
  185  17:22  Zealot x4  
  186  17:30  Carrier x2 (Chrono Boost)  
  186  17:36  Carrier (Chrono Boost)  
  192  17:37  High Templar x2  
  192  17:38  High Templar x2  
  188  17:55  Carrier (Chrono Boost)  
  198  18:05  Carrier x2 (Chrono Boost)  
  164  18:15  Zealot x4  
  164  18:16  Zealot x8  
  195  18:38  High Templar x2  
  195  18:42  High Templar x2  
Tags
 
Add a new tag
Caveats
  • Supply blocks, unpowered buildings, or Contaminate may cause inaccurate times.
  • Supply counts are checked every 10 seconds.